RedWings vs Ducks

Created - November 9, 2016 at 17:24

Goals
1 2 3 OT1 T
RedWings 0 2 1 1 4
Ducks 1 1 1 0 3
Shots
1 2 3 OT1 T
RedWings 8 9 8 1 26
Ducks 11 6 14 2 33

1st period

1. Ducks , Travis Hamonic 1 (Brandon Dubinsky, Bobby Ryan) at 1:37

Penalties :
Travis Hamonic (ANA) for Hooking (Minor) at 2:27, Filip Forsberg (DET) for Roughing (Minor) at 6:59

2nd period

2. RedWings , Sean Monahan 5 (Loui Eriksson, Zach Trotman) at 0:39
3. RedWings , Zach Trotman 3 (Jonathan Drouin, Sean Monahan) at 16:49 (PP)
4. Ducks , Phil Kessel 4 (Andrei Markov, Erik Johnson) at 19:04

Penalties :
Travis Hamonic (ANA) for Interference (Minor) at 1:06, David Pastrnak (DET) for Hooking (Minor) at 10:51, Roman Polak (ANA) for Hooking (Minor) at 15:21

3rd period

5. RedWings , Filip Forsberg 7 (Tyler Toffoli, Zach Trotman) at 4:54
6. Ducks , Claude Giroux 8 (Andrei Markov, Phil Kessel) at 18:39 (PP)

Penalties :
Boone Jenner (ANA) for Hooking (Minor) at 2:51, Eric Gryba (DET) for Holding (Minor) at 15:21, Eric Gryba (DET) for Hooking (Minor) at 18:01

Overtime #1

7. RedWings , Tyler Toffoli 7 (Paul Martin, Sean Monahan) at 0:46

Penalties :
No Penalty

Goalie Stats

Mike Condon (DET), 30 saves from 33 shots - (0.909), W, 4-3-0, 60:47 minutes
Semyon Varlamov (ANA), 22 saves from 26 shots - (0.846), OTL, 7-4-3, 60:47 minutes

Players Stats for RedWings

Player Name              G  A  P  +/- PIM S  H  SB GA TA FO     MP     PP MP  PK MP  
------------------------------------------------------------------------------------
Alexandre Burrows        0  0  0   1  0   1  1  0  0  0  1/1    10:26   0:00   0:54 
Andrew Cogliano          0  0  0   0  0   1  2  0  0  0  0/2    11:29   4:21   1:40 
David Pastrnak           0  0  0   1  2   2  1  0  0  0  0/0    18:21   3:04   0:00 
Eric Gryba               0  0  0   0  4   2  1  3  0  0  0/0    21:42   2:58   1:42 
Erik Haula               0  0  0   1  0   1  1  0  0  0  5/10   14:16   0:00   4:44 
Filip Forsberg           1  0  1  -2  2   4  3  0  0  0  0/1    21:19   4:21   1:13 
Jake Gardiner            0  0  0   1  0   0  0  0  0  0  0/0    13:23   0:00   1:09 
Jonathan Drouin          0  1  1  -2  0   0  2  1  0  0  6/20   18:46   3:04   0:00 
Kevin Connauton          0  0  0   0  0   0  2  2  0  0  0/0    17:00   0:00   0:00 
Loui Eriksson            0  1  1   1  0   2  0  0  0  0  3/3    16:02   0:00   0:11 
Micheal Ferland          0  0  0   0  0   0  0  0  0  0  1/1     5:28   0:00   0:00 
Mikhail Grabovski        0  0  0   1  0   0  2  0  0  0  2/7     9:32   0:00   0:00 
Paul Martin              0  1  1  -1  0   0  1  1  0  0  0/0    25:40   4:27   3:44 
Sean Monahan             1  2  3   1  0   3  0  0  0  0  9/25   23:33   3:04   4:28 
Thomas Hickey            0  0  0  -1  0   0  0  0  0  0  0/0    22:13   2:58   3:13 
Tyler Toffoli            1  1  2  -2  0   7  0  0  0  0  4/11   20:17   4:21   0:00 
Vincent Lecavalier       0  0  0   0  0   0  0  0  0  0  3/6     5:28   0:00   0:00 
Zach Trotman             1  2  3   1  0   3  0  2  0  0  0/0    21:34   4:27   3:22 

Players Stats for Ducks

Player Name              G  A  P  +/- PIM S  H  SB GA TA FO     MP     PP MP  PK MP  
------------------------------------------------------------------------------------
Aaron Ekblad             0  0  0   0  0   2  1  4  0  0  0/0    20:30   3:21   0:10 
Andrei Markov            0  2  2   1  0   1  0  3  0  0  0/0    23:33   3:14   3:32 
Bobby Ryan               0  1  1   1  0   2  0  0  0  0  1/2    15:53   2:36   0:00 
Boone Jenner             0  0  0   0  2   4  2  0  0  0  0/0    16:09   2:36   0:00 
Brandon Dubinsky         0  1  1   1  0   2  1  1  0  0  1/2    15:58   0:00   2:41 
Claude Giroux            1  0  1  -1  0   4  0  0  0  0  12/22  18:16   3:59   0:35 
Colton Parayko           0  0  0  -1  0   0  0  1  0  0  0/0    19:15   3:21   2:53 
Eric Nystrom             0  0  0   0  0   0  0  0  0  0  0/1    13:34   0:00   0:00 
Erik Johnson             0  1  1   1  0   0  4  2  0  0  0/0    23:29   3:14   3:32 
Jordan Staal             0  0  0   0  0   1  0  0  0  0  18/28  17:43   0:00   4:09 
Mark Scheifele           0  0  0   1  0   7  0  0  0  0  17/25  19:07   2:36   2:41 
Mike Richards            0  0  0   0  0   0  1  0  0  0  1/4    10:54   0:00   4:44 
Mikhail Grigorenko       0  0  0   0  0   0  0  0  0  0  1/1     6:10   0:00   0:00 
Phil Kessel              1  1  2  -1  0   5  0  0  0  0  1/1    17:02   3:59   0:00 
Roman Polak              0  0  0  -1  2   1  4  1  0  0  0/0    16:03   0:00   3:03 
Travis Hamonic           1  0  1   0  4   1  0  0  0  0  0/0    18:41   0:00   1:40 
Tyler Randell            0  0  0   0  0   0  1  0  0  0  0/0     6:10   0:00   0:00 
Wayne Simmonds           0  0  0  -1  0   3  2  0  0  0  1/1    17:12   3:59   0:00 

3 Stars

1 - Zach Trotman (DET)
2 - Sean Monahan (DET)
3 - Andrei Markov (ANA)

Power Play

RedWings - 1 on 4 Attempt(s) - 25.00%
Ducks - 1 on 4 Attempt(s) - 25.00%

Penalty Kill

RedWings - 3 on 4 Attempt(s) - 75.00% - Score 0 goal in Penalty Kill
Ducks - 3 on 4 Attempt(s) - 75.00% - Score 0 goal in Penalty Kill

Team Stat

RedWings - Hits : 16 - Faceoff Wins : 34 - Blocked Shots : 9 - Penalty Minutes : 8
Ducks - Hits : 16 - Faceoff Wins : 53 - Blocked Shots : 12 - Penalty Minutes : 8

Official

Referees : Graham Skiliter and Wes McCauley
Linesman : Bryan Pancich and Lonnie Cameron

Game Notes

No Game Note

Finance

Level 1 -- Attendance: 5941 (91.40%) -- Ticket Income $653,510
Level 2 -- Attendance: 4995 (99.90%) -- Ticket Income $374,625
Level 3 -- Attendance: 2600 (100.00%) -- Ticket Income $145,600
Level 4 -- Attendance: 2074 (100.00%) -- Ticket Income $82,960
Luxury Box -- Attendance: 912 (91.20%) -- Ticket Income $181,488
Game was played at the Honda Center.
Total Attendance: 16522 (96.20%)
Total Ticket Income: $1,438,183
Other Income: $215,727
Total Income: $1,653,910

% Time on Ice - RedWings

Lines # - Real PCT - Wanted PCT - Time Play
Normal Forward
1 - 33% - 35% - 15:18
2 - 34% - 35% - 15:42
3 - 21% - 20% - 9:32
4 - 12% - 10% - 5:28
Normal Defense
1 - 35% - 40% - 15:58
2 - 37% - 30% - 17:00
3 - 27% - 20% - 12:14
4 - 2% - 10% - 0:48
PP Forward
1 - 59% - 60% - 4:21
2 - 41% - 40% - 3:04
PP Defense
1 - 60% - 60% - 4:27
2 - 40% - 40% - 2:58
PK Forward
1 - 75% - 60% - 4:55
2 - 25% - 40% - 1:40
PK Defense
1 - 49% - 60% - 3:13
2 - 51% - 40% - 3:22
PK3 Forward
1 - 0% - 60%
2 - 0% - 40%
PK3 Defense
1 - 0% - 60%
2 - 0% - 40%
44 Forward
1 - 0% - 60%
2 - 0% - 40%
44 Defense
1 - 0% - 60%
2 - 0% - 40%
Last Minute Offensive  - 0:00
Last Minute Defensive  - 0:00
Total
Forward - 60:00
Defense - 60:00

% Time on Ice - Ducks

Lines # - Real PCT - Wanted PCT - Time Play
Normal Forward
1 - 28% - 31% - 12:59
2 - 29% - 31% - 13:17
3 - 29% - 31% - 13:34
4 - 13% - 7% - 6:10
Normal Defense
1 - 36% - 39% - 16:43
2 - 35% - 37% - 16:16
3 - 28% - 24% - 13:01
4 - 0% - 0% - 0:00
PP Forward
1 - 61% - 57% - 3:59
2 - 39% - 43% - 2:36
PP Defense
1 - 51% - 57% - 3:21
2 - 49% - 43% - 3:14
PK Forward
1 - 64% - 57% - 4:44
2 - 36% - 43% - 2:41
PK Defense
1 - 52% - 57% - 3:53
2 - 48% - 43% - 3:32
PK3 Forward
1 - 0% - 60%
2 - 0% - 40%
PK3 Defense
1 - 0% - 57%
2 - 0% - 43%
44 Forward
1 - 0% - 50%
2 - 0% - 50%
44 Defense
1 - 0% - 50%
2 - 0% - 50%
Last Minute Offensive  - 0:00
Last Minute Defensive  - 0:00
Total
Forward - 60:00
Defense - 60:00

Play by Play

1st period


0:01 of 1st period - Claude Giroux wins face-off versus Sean Monahan in neutral zone.
0:20 of 1st period - Shot by Wayne Simmonds.
0:20 of 1st period - Stopped by Mike Condon with a rebound.
0:28 of 1st period - Shot by David Pastrnak.
0:28 of 1st period - Stopped by Semyon Varlamov with a rebound.
1:22 of 1st period - Tyler Toffoli is hit by Brandon Dubinsky and loses puck.
1:35 of 1st period - Shot by Bobby Ryan.
1:35 of 1st period - Deflect By Brandon Dubinsky.
1:35 of 1st period - Shot Blocked by Eric Gryba.
1:37 of 1st period - Shot by Travis Hamonic.
1:37 of 1st period - Goal by Travis Hamonic - RedWings : 0 - Ducks : 1.
1:38 of 1st period - Jordan Staal wins face-off versus Mikhail Grabovski in neutral zone.
1:41 of 1st period - Erik Haula is hit by Boone Jenner and loses puck.
1:46 of 1st period - Shot by Boone Jenner.
1:46 of 1st period - Stopped by Mike Condon with a rebound.
1:58 of 1st period - Shot by Boone Jenner.
1:58 of 1st period - Stopped by Mike Condon without a rebound.
1:59 of 1st period - Mark Scheifele wins face-off versus Vincent Lecavalier in RedWings zone.
2:27 of 1st period - Minor Penalty to Travis Hamonic for Hooking.
2:28 of 1st period - Jordan Staal wins face-off versus Sean Monahan in Ducks zone.
3:32 of 1st period - Shot by Tyler Toffoli.
3:32 of 1st period - Stopped by Semyon Varlamov without a rebound.
3:33 of 1st period - Jordan Staal wins face-off versus Tyler Toffoli in Ducks zone.
3:56 of 1st period - Mark Scheifele is hit by Andrew Cogliano and loses puck.
4:58 of 1st period - Shot by Wayne Simmonds.
4:58 of 1st period - Stopped by Mike Condon without a rebound.
4:59 of 1st period - Sean Monahan wins face-off versus Bobby Ryan in RedWings zone.
5:18 of 1st period - Shot by Mark Scheifele.
5:18 of 1st period - Shot Misses the Net.
5:28 of 1st period - Shot by Mark Scheifele.
5:28 of 1st period - Stopped by Mike Condon without a rebound.
5:29 of 1st period - Jonathan Drouin wins face-off versus Jordan Staal in RedWings zone.
5:40 of 1st period - Shot by Filip Forsberg.
5:40 of 1st period - Shot Misses the Net.
5:46 of 1st period - Shot by Filip Forsberg.
5:46 of 1st period - Shot Blocked by Colton Parayko.
5:56 of 1st period - Shot by Jordan Staal.
5:56 of 1st period - Shot Misses the Net.
5:59 of 1st period - Icing by Kevin Connauton.
6:00 of 1st period - Mark Scheifele wins face-off versus Jonathan Drouin in RedWings zone.
6:14 of 1st period - Icing by Eric Gryba.
6:15 of 1st period - Mikhail Grigorenko wins face-off versus Jonathan Drouin in RedWings zone.
6:15 of 1st period - Mike Richards is hit by Kevin Connauton and loses puck.
6:31 of 1st period - Filip Forsberg is hit by Erik Johnson and loses puck.
6:59 of 1st period - Minor Penalty to Filip Forsberg for Roughing.
7:00 of 1st period - Erik Haula wins face-off versus Claude Giroux in RedWings zone.
7:00 of 1st period - Erik Haula is hit by Wayne Simmonds.
7:37 of 1st period - Icing by Colton Parayko.
7:38 of 1st period - Erik Haula wins face-off versus Claude Giroux in Ducks zone.
8:41 of 1st period - Shot by Erik Johnson.
8:41 of 1st period - Shot Blocked by Eric Gryba.
8:43 of 1st period - Shot by Andrei Markov.
8:43 of 1st period - Shot Misses the Net.
8:45 of 1st period - Shot by Andrei Markov.
8:45 of 1st period - Stopped by Mike Condon without a rebound.
8:46 of 1st period - Claude Giroux wins face-off versus Andrew Cogliano in RedWings zone.
9:57 of 1st period - Shot by Micheal Ferland.
9:57 of 1st period - Shot Misses the Net.
9:59 of 1st period - Shot by Zach Trotman.
9:59 of 1st period - Stopped by Semyon Varlamov without a rebound.
10:00 of 1st period - Vincent Lecavalier wins face-off versus Jordan Staal in Ducks zone.
10:11 of 1st period - Shot by Boone Jenner.
10:11 of 1st period - Stopped by Mike Condon without a rebound.
10:12 of 1st period - Bobby Ryan wins face-off versus Sean Monahan in RedWings zone.
10:31 of 1st period - Shot by Brandon Dubinsky.
10:31 of 1st period - Stopped by Mike Condon without a rebound.
10:32 of 1st period - Alexandre Burrows wins face-off versus Jordan Staal in RedWings zone.
10:44 of 1st period - Mikhail Grabovski is hit by Roman Polak and loses puck.
10:50 of 1st period - Erik Haula is hit by Roman Polak and loses puck.
10:59 of 1st period - Roman Polak is hit by Mikhail Grabovski and loses puck.
11:07 of 1st period - Mikhail Grabovski is hit by Roman Polak and loses puck.
11:27 of 1st period - Icing by Thomas Hickey.
11:28 of 1st period - Claude Giroux wins face-off versus Sean Monahan in RedWings zone.
11:34 of 1st period - Off-side.
11:35 of 1st period - Loui Eriksson wins face-off versus Mark Scheifele in neutral zone.
11:46 of 1st period - Shot by David Pastrnak.
11:46 of 1st period - Shot Blocked by Brandon Dubinsky.
12:10 of 1st period - Shot by Sean Monahan.
12:10 of 1st period - Shot Misses the Net.
12:12 of 1st period - Shot by Loui Eriksson.
12:12 of 1st period - Shot Misses the Net.
12:14 of 1st period - Shot by Loui Eriksson.
12:14 of 1st period - Shot Blocked by Aaron Ekblad.
12:16 of 1st period - Shot by David Pastrnak.
12:16 of 1st period - Shot Blocked by Aaron Ekblad.
12:18 of 1st period - Shot by Sean Monahan.
12:18 of 1st period - Shot Blocked by Aaron Ekblad.
12:27 of 1st period - Icing by Bobby Ryan.
12:28 of 1st period - Jonathan Drouin wins face-off versus Mark Scheifele in Ducks zone.
12:29 of 1st period - Shot by Tyler Toffoli.
12:29 of 1st period - Stopped by Semyon Varlamov with a rebound.
12:31 of 1st period - Shot by Tyler Toffoli.
12:31 of 1st period - Shot Misses the Net.
12:33 of 1st period - Shot by Eric Gryba.
12:33 of 1st period - Stopped by Semyon Varlamov without a rebound.
12:34 of 1st period - Jonathan Drouin wins face-off versus Eric Nystrom in Ducks zone.
12:35 of 1st period - Shot by Tyler Toffoli.
12:35 of 1st period - Stopped by Semyon Varlamov without a rebound.
12:36 of 1st period - Jordan Staal wins face-off versus Jonathan Drouin in Ducks zone.
12:38 of 1st period - Icing by Boone Jenner.
12:39 of 1st period - Jordan Staal wins face-off versus Jonathan Drouin in Ducks zone.
12:56 of 1st period - Shot by Boone Jenner.
12:56 of 1st period - Shot Blocked by Paul Martin.
12:58 of 1st period - Shot by Jordan Staal.
12:58 of 1st period - Stopped by Mike Condon without a rebound.
12:59 of 1st period - Claude Giroux wins face-off versus Sean Monahan in RedWings zone.
13:25 of 1st period - Claude Giroux is hit by David Pastrnak and loses puck.
13:38 of 1st period - Shot by Sean Monahan.
13:38 of 1st period - Stopped by Semyon Varlamov with a rebound.
14:08 of 1st period - Tyler Toffoli is hit by Erik Johnson and loses puck.
14:11 of 1st period - Shot by Thomas Hickey.
14:11 of 1st period - Shot Blocked by Erik Johnson.
14:27 of 1st period - Shot by Thomas Hickey.
14:27 of 1st period - Shot Blocked by Andrei Markov.
15:41 of 1st period - Shot by Bobby Ryan.
15:41 of 1st period - Shot Misses the Net.
15:43 of 1st period - Shot by Brandon Dubinsky.
15:43 of 1st period - Shot Misses the Net.
16:13 of 1st period - Shot by Phil Kessel.
16:13 of 1st period - Stopped by Mike Condon without a rebound.
16:14 of 1st period - Loui Eriksson wins face-off versus Mike Richards in RedWings zone.
16:28 of 1st period - Icing by Aaron Ekblad.
16:29 of 1st period - Jonathan Drouin wins face-off versus Mike Richards in Ducks zone.
17:37 of 1st period - Shot by David Pastrnak.
17:37 of 1st period - Stopped by Semyon Varlamov without a rebound.
17:38 of 1st period - Micheal Ferland wins face-off versus Jordan Staal in Ducks zone.
18:19 of 1st period - Shot by Jordan Staal.
18:19 of 1st period - Shot Misses the Net.
19:15 of 1st period - Shot by Claude Giroux.
19:15 of 1st period - Shot Misses the Net.
Goals for this period are 0 for RedWings vs 1 for Ducks.
Shots for this period are 8 for RedWings vs 11 for Ducks.

2nd period


0:01 of 2nd period - Mark Scheifele wins face-off versus Jonathan Drouin in neutral zone.
0:26 of 2nd period - Shot by Tyler Toffoli.
0:26 of 2nd period - Stopped by Semyon Varlamov with a rebound.
0:28 of 2nd period - Shot by Filip Forsberg.
0:28 of 2nd period - Stopped by Semyon Varlamov without a rebound.
0:29 of 2nd period - Claude Giroux wins face-off versus Sean Monahan in Ducks zone.
0:39 of 2nd period - Shot by Sean Monahan.
0:39 of 2nd period - Goal by Sean Monahan - RedWings : 1 - Ducks : 1.
0:40 of 2nd period - Jordan Staal wins face-off versus Mikhail Grabovski in neutral zone.
0:54 of 2nd period - Erik Haula is hit by Aaron Ekblad.
1:06 of 2nd period - Minor Penalty to Travis Hamonic for Interference.
1:07 of 2nd period - Jordan Staal wins face-off versus Tyler Toffoli in Ducks zone.
1:07 of 2nd period - Jordan Staal is hit by Andrew Cogliano.
1:19 of 2nd period - Shot by Andrew Cogliano.
1:19 of 2nd period - Stopped by Semyon Varlamov without a rebound.
1:20 of 2nd period - Jordan Staal wins face-off versus Sean Monahan in Ducks zone.
1:43 of 2nd period - Shot by Paul Martin.
1:43 of 2nd period - Shot Misses the Net.
1:45 of 2nd period - Shot by Zach Trotman.
1:45 of 2nd period - Stopped by Semyon Varlamov without a rebound.
1:46 of 2nd period - Tyler Toffoli wins face-off versus Mark Scheifele in Ducks zone.
1:47 of 2nd period - Shot by Eric Gryba.
1:47 of 2nd period - Stopped by Semyon Varlamov without a rebound.
1:48 of 2nd period - Tyler Toffoli wins face-off versus Jordan Staal in Ducks zone.
1:49 of 2nd period - Shot by Filip Forsberg.
1:49 of 2nd period - Stopped by Semyon Varlamov without a rebound.
1:50 of 2nd period - Tyler Toffoli wins face-off versus Jordan Staal in Ducks zone.
1:51 of 2nd period - Shot by Paul Martin.
1:51 of 2nd period - Shot Misses the Net.
2:05 of 2nd period - Shot by Tyler Toffoli.
2:05 of 2nd period - Shot Blocked by Andrei Markov.
2:50 of 2nd period - Icing by Thomas Hickey.
2:51 of 2nd period - Sean Monahan wins face-off versus Jordan Staal in RedWings zone.
3:11 of 2nd period - Sean Monahan is hit by Erik Johnson and loses puck.
3:40 of 2nd period - Shot by Mikhail Grabovski.
3:40 of 2nd period - Shot Blocked by Erik Johnson.
3:42 of 2nd period - Shot by Erik Haula.
3:42 of 2nd period - Shot Misses the Net.
3:44 of 2nd period - Shot by Erik Haula.
3:44 of 2nd period - Stopped by Semyon Varlamov without a rebound.
3:45 of 2nd period - Mark Scheifele wins face-off versus Sean Monahan in Ducks zone.
4:05 of 2nd period - Icing by Thomas Hickey.
4:06 of 2nd period - Loui Eriksson wins face-off versus Jordan Staal in RedWings zone.
5:00 of 2nd period - Icing by Thomas Hickey.
5:01 of 2nd period - Sean Monahan wins face-off versus Brandon Dubinsky in RedWings zone.
5:16 of 2nd period - Shot by Jonathan Drouin.
5:16 of 2nd period - Shot Misses the Net.
5:36 of 2nd period - Shot by Jonathan Drouin.
5:36 of 2nd period - Shot Blocked by Andrei Markov.
6:02 of 2nd period - Zach Trotman is hit by Wayne Simmonds and loses puck.
6:15 of 2nd period - Shot by Claude Giroux.
6:15 of 2nd period - Shot Misses the Net.
7:14 of 2nd period - Icing by Travis Hamonic.
7:15 of 2nd period - Mike Richards wins face-off versus Sean Monahan in Ducks zone.
7:59 of 2nd period - Off-side.
8:00 of 2nd period - Vincent Lecavalier wins face-off versus Mark Scheifele in neutral zone.
8:29 of 2nd period - Shot by Brandon Dubinsky.
8:29 of 2nd period - Shot Misses the Net.
8:34 of 2nd period - Mark Scheifele is hit by Kevin Connauton and loses puck.
9:10 of 2nd period - Shot by Wayne Simmonds.
9:10 of 2nd period - Shot Misses the Net.
9:46 of 2nd period - Jordan Staal is hit by Filip Forsberg and loses puck.
10:12 of 2nd period - Shot by Jordan Staal.
10:12 of 2nd period - Shot Blocked by Jonathan Drouin.
10:24 of 2nd period - Shot by Aaron Ekblad.
10:24 of 2nd period - Stopped by Mike Condon without a rebound.
10:25 of 2nd period - Brandon Dubinsky wins face-off versus Sean Monahan in RedWings zone.
10:26 of 2nd period - Shot by Mark Scheifele.
10:26 of 2nd period - Stopped by Mike Condon without a rebound.
10:27 of 2nd period - Mark Scheifele wins face-off versus Sean Monahan in RedWings zone.
10:37 of 2nd period - Icing by Thomas Hickey.
10:38 of 2nd period - Claude Giroux wins face-off versus Sean Monahan in RedWings zone.
10:51 of 2nd period - Minor Penalty to David Pastrnak for Hooking.
10:52 of 2nd period - Mark Scheifele wins face-off versus Erik Haula in RedWings zone.
11:26 of 2nd period - Icing by Colton Parayko.
11:27 of 2nd period - Mark Scheifele wins face-off versus Erik Haula in Ducks zone.
11:32 of 2nd period - Colton Parayko is hit by Erik Haula and loses puck.
12:57 of 2nd period - Kevin Connauton is hit by Mike Richards and loses puck.
13:08 of 2nd period - Shot by Tyler Toffoli.
13:08 of 2nd period - Shot Misses the Net.
13:48 of 2nd period - Off-side.
13:49 of 2nd period - Mark Scheifele wins face-off versus Vincent Lecavalier in neutral zone.
14:04 of 2nd period - Shot by Bobby Ryan.
14:04 of 2nd period - Shot Misses the Net.
14:30 of 2nd period - Shot by Mark Scheifele.
14:30 of 2nd period - Stopped by Mike Condon without a rebound.
14:31 of 2nd period - Jordan Staal wins face-off versus Sean Monahan in RedWings zone.
15:06 of 2nd period - Shot by Jordan Staal.
15:06 of 2nd period - Shot Misses the Net.
15:21 of 2nd period - Minor Penalty to Roman Polak for Hooking.
15:22 of 2nd period - Jordan Staal wins face-off versus Tyler Toffoli in Ducks zone.
15:31 of 2nd period - Shot by Mark Scheifele.
15:31 of 2nd period - Deflect By Brandon Dubinsky.
15:31 of 2nd period - Stopped by Mike Condon without a rebound.
15:32 of 2nd period - Jordan Staal wins face-off versus Tyler Toffoli in RedWings zone.
15:49 of 2nd period - Shot by Filip Forsberg.
15:49 of 2nd period - Deflect By Tyler Toffoli.
15:49 of 2nd period - Shot Hit the Post.
16:01 of 2nd period - Shot by Brandon Dubinsky.
16:01 of 2nd period - Shot Misses the Net.
16:47 of 2nd period - Shot by Jonathan Drouin.
16:47 of 2nd period - Shot Blocked by Aaron Ekblad.
16:49 of 2nd period - Shot by Zach Trotman.
16:49 of 2nd period - Goal by Zach Trotman - RedWings : 2 - Ducks : 1.
16:50 of 2nd period - Claude Giroux wins face-off versus Mikhail Grabovski in neutral zone.
17:15 of 2nd period - Shot by Phil Kessel.
17:15 of 2nd period - Shot Hit the Post.
17:35 of 2nd period - Shot by Phil Kessel.
17:35 of 2nd period - Shot Misses the Net.
17:54 of 2nd period - Off-side.
17:55 of 2nd period - Jordan Staal wins face-off versus Sean Monahan in neutral zone.
18:10 of 2nd period - Shot by Boone Jenner.
18:10 of 2nd period - Shot Misses the Net.
18:28 of 2nd period - Shot by Boone Jenner.
18:28 of 2nd period - Shot Blocked by Zach Trotman.
18:54 of 2nd period - Icing by Paul Martin.
18:55 of 2nd period - Claude Giroux wins face-off versus Jonathan Drouin in RedWings zone.
19:04 of 2nd period - Shot by Phil Kessel.
19:04 of 2nd period - Goal by Phil Kessel - RedWings : 2 - Ducks : 2.
19:05 of 2nd period - Mark Scheifele wins face-off versus Vincent Lecavalier in neutral zone.
19:18 of 2nd period - Shot by Bobby Ryan.
19:18 of 2nd period - Shot Misses the Net.
19:20 of 2nd period - Shot by Erik Johnson.
19:20 of 2nd period - Shot Misses the Net.
19:24 of 2nd period - Shot by Mark Scheifele.
19:24 of 2nd period - Stopped by Mike Condon without a rebound.
19:25 of 2nd period - Jonathan Drouin wins face-off versus Claude Giroux in RedWings zone.
19:36 of 2nd period - Aaron Ekblad is hit by Jonathan Drouin and loses puck.
19:45 of 2nd period - Aaron Ekblad is hit by Jonathan Drouin and loses puck.
19:57 of 2nd period - Icing by Zach Trotman.
19:58 of 2nd period - Mark Scheifele wins face-off versus Jonathan Drouin in RedWings zone.
Goals for this period are 2 for RedWings vs 1 for Ducks.
Shots for this period are 9 for RedWings vs 6 for Ducks.

3rd period


0:01 of 3rd period - Mark Scheifele wins face-off versus Sean Monahan in neutral zone.
0:22 of 3rd period - Shot by Brandon Dubinsky.
0:22 of 3rd period - Shot Hit the Post.
0:24 of 3rd period - Shot by Bobby Ryan.
0:24 of 3rd period - Stopped by Mike Condon without a rebound.
0:25 of 3rd period - Claude Giroux wins face-off versus Tyler Toffoli in RedWings zone.
0:59 of 3rd period - Shot by Claude Giroux.
0:59 of 3rd period - Shot Blocked by Kevin Connauton.
1:07 of 3rd period - Shot by Tyler Toffoli.
1:07 of 3rd period - Stopped by Semyon Varlamov without a rebound.
1:08 of 3rd period - Sean Monahan wins face-off versus Mark Scheifele in Ducks zone.
1:11 of 3rd period - Shot by Loui Eriksson.
1:11 of 3rd period - Stopped by Semyon Varlamov with a rebound.
1:37 of 3rd period - Shot by David Pastrnak.
1:37 of 3rd period - Deflect By Sean Monahan.
1:37 of 3rd period - Shot Misses the Net.
2:37 of 3rd period - Shot by Alexandre Burrows.
2:37 of 3rd period - Shot Blocked by Roman Polak.
2:51 of 3rd period - Minor Penalty to Boone Jenner for Hooking.
2:52 of 3rd period - Jordan Staal wins face-off versus Tyler Toffoli in Ducks zone.
3:00 of 3rd period - Icing by Tyler Toffoli.
3:01 of 3rd period - Jordan Staal wins face-off versus Tyler Toffoli in RedWings zone.
4:16 of 3rd period - Shot by Zach Trotman.
4:16 of 3rd period - Shot Misses the Net.
4:18 of 3rd period - Shot by Sean Monahan.
4:18 of 3rd period - Stopped by Semyon Varlamov without a rebound.
4:19 of 3rd period - Tyler Toffoli wins face-off versus Mark Scheifele in Ducks zone.
4:54 of 3rd period - Shot by Filip Forsberg.
4:54 of 3rd period - Goal by Filip Forsberg - RedWings : 3 - Ducks : 2.
4:55 of 3rd period - Claude Giroux wins face-off versus Erik Haula in neutral zone.
5:17 of 3rd period - Icing by Kevin Connauton.
5:18 of 3rd period - Mark Scheifele wins face-off versus Mikhail Grabovski in RedWings zone.
5:27 of 3rd period - Shot by Mark Scheifele.
5:27 of 3rd period - Deflect By Brandon Dubinsky.
5:27 of 3rd period - Shot Misses the Net.
5:29 of 3rd period - Shot by Mark Scheifele.
5:29 of 3rd period - Stopped by Mike Condon without a rebound.
5:30 of 3rd period - Sean Monahan wins face-off versus Jordan Staal in RedWings zone.
5:40 of 3rd period - Shot by Loui Eriksson.
5:40 of 3rd period - Shot Misses the Net.
6:25 of 3rd period - Erik Johnson is hit by Paul Martin and loses puck.
7:00 of 3rd period - Shot by Bobby Ryan.
7:00 of 3rd period - Stopped by Mike Condon without a rebound.
7:01 of 3rd period - Claude Giroux wins face-off versus Mikhail Grabovski in RedWings zone.
7:18 of 3rd period - Shot by Erik Haula.
7:18 of 3rd period - Deflect By Alexandre Burrows.
7:18 of 3rd period - Stopped by Semyon Varlamov without a rebound.
7:19 of 3rd period - Jonathan Drouin wins face-off versus Mike Richards in Ducks zone.
7:25 of 3rd period - Filip Forsberg is hit by Roman Polak and loses puck.
7:58 of 3rd period - Mike Richards is hit by Filip Forsberg and loses puck.
8:24 of 3rd period - Shot by Phil Kessel.
8:24 of 3rd period - Stopped by Mike Condon with a rebound.
8:56 of 3rd period - Shot by Erik Haula.
8:56 of 3rd period - Shot Misses the Net.
8:58 of 3rd period - Shot by Alexandre Burrows.
8:58 of 3rd period - Shot Hit the Post.
9:26 of 3rd period - Shot by Mark Scheifele.
9:26 of 3rd period - Shot Misses the Net.
9:31 of 3rd period - Icing by Loui Eriksson.
9:32 of 3rd period - Sean Monahan wins face-off versus Jordan Staal in RedWings zone.
9:51 of 3rd period - Shot by Boone Jenner.
9:51 of 3rd period - Shot Misses the Net.
9:53 of 3rd period - Shot by Jordan Staal.
9:53 of 3rd period - Shot Misses the Net.
10:28 of 3rd period - Off-side.
10:29 of 3rd period - Mark Scheifele wins face-off versus Jonathan Drouin in neutral zone.
10:54 of 3rd period - Shot by Tyler Toffoli.
10:54 of 3rd period - Stopped by Semyon Varlamov without a rebound.
10:55 of 3rd period - Mikhail Grabovski wins face-off versus Claude Giroux in Ducks zone.
11:03 of 3rd period - Icing by Erik Johnson.
11:04 of 3rd period - Vincent Lecavalier wins face-off versus Claude Giroux in Ducks zone.
12:07 of 3rd period - Shot by Bobby Ryan.
12:07 of 3rd period - Shot Blocked by Kevin Connauton.
12:09 of 3rd period - Shot by Aaron Ekblad.
12:09 of 3rd period - Stopped by Mike Condon without a rebound.
12:10 of 3rd period - Jordan Staal wins face-off versus Sean Monahan in RedWings zone.
12:13 of 3rd period - Shot by Boone Jenner.
12:13 of 3rd period - Stopped by Mike Condon without a rebound.
12:14 of 3rd period - Mark Scheifele wins face-off versus Jonathan Drouin in RedWings zone.
12:24 of 3rd period - Icing by Paul Martin.
12:25 of 3rd period - Jordan Staal wins face-off versus Jonathan Drouin in RedWings zone.
12:32 of 3rd period - Eric Nystrom is hit by Filip Forsberg and loses puck.
12:49 of 3rd period - Shot by Jonathan Drouin.
12:49 of 3rd period - Shot Misses the Net.
12:51 of 3rd period - Shot by Tyler Toffoli.
12:51 of 3rd period - Deflect By Filip Forsberg.
12:51 of 3rd period - Stopped by Semyon Varlamov with a rebound.
12:53 of 3rd period - Shot by Thomas Hickey.
12:53 of 3rd period - Shot Misses the Net.
13:27 of 3rd period - Shot by Loui Eriksson.
13:27 of 3rd period - Stopped by Semyon Varlamov without a rebound.
13:28 of 3rd period - Mikhail Grabovski wins face-off versus Mark Scheifele in Ducks zone.
13:32 of 3rd period - Erik Haula is hit by Erik Johnson and loses puck.
13:41 of 3rd period - Erik Johnson is hit by Alexandre Burrows and loses puck.
14:13 of 3rd period - Bobby Ryan is hit by Mikhail Grabovski and loses puck.
14:17 of 3rd period - Icing by Erik Johnson.
14:18 of 3rd period - Sean Monahan wins face-off versus Mark Scheifele in Ducks zone.
14:52 of 3rd period - Shot by Claude Giroux.
14:52 of 3rd period - Deflect By Phil Kessel.
14:52 of 3rd period - Stopped by Mike Condon with a rebound.
14:54 of 3rd period - Shot by Wayne Simmonds.
14:54 of 3rd period - Stopped by Mike Condon with a rebound.
15:14 of 3rd period - Shot by Claude Giroux.
15:14 of 3rd period - Stopped by Mike Condon without a rebound.
15:15 of 3rd period - Jordan Staal wins face-off versus Jonathan Drouin in RedWings zone.
15:21 of 3rd period - Minor Penalty to Eric Gryba for Holding.
15:22 of 3rd period - Erik Haula wins face-off versus Claude Giroux in RedWings zone.
15:35 of 3rd period - Shot by Phil Kessel.
15:35 of 3rd period - Deflect By Wayne Simmonds.
15:35 of 3rd period - Shot Misses the Net.
15:53 of 3rd period - Shot by Phil Kessel.
15:53 of 3rd period - Deflect By Claude Giroux.
15:53 of 3rd period - Shot Misses the Net.
15:55 of 3rd period - Shot by Claude Giroux.
15:55 of 3rd period - Stopped by Mike Condon without a rebound.
15:56 of 3rd period - Mark Scheifele wins face-off versus Andrew Cogliano in RedWings zone.
16:17 of 3rd period - Shot by Boone Jenner.
16:17 of 3rd period - Shot Misses the Net.
16:19 of 3rd period - Shot by Mark Scheifele.
16:19 of 3rd period - Shot Hit the Post.
16:21 of 3rd period - Shot by Mark Scheifele.
16:21 of 3rd period - Stopped by Mike Condon without a rebound.
16:22 of 3rd period - Erik Haula wins face-off versus Claude Giroux in RedWings zone.
16:54 of 3rd period - Shot by Claude Giroux.
16:54 of 3rd period - Stopped by Mike Condon without a rebound.
16:55 of 3rd period - Mark Scheifele wins face-off versus Erik Haula in RedWings zone.
17:47 of 3rd period - Eric Gryba is hit by Tyler Randell and loses puck.
17:57 of 3rd period - Mikhail Grigorenko is hit by Eric Gryba and loses puck.
18:01 of 3rd period - Minor Penalty to Eric Gryba for Hooking.
18:02 of 3rd period - Phil Kessel wins face-off versus Erik Haula in RedWings zone.
18:24 of 3rd period - Icing by Wayne Simmonds.
18:25 of 3rd period - Erik Haula wins face-off versus Claude Giroux in Ducks zone.
18:37 of 3rd period - Shot by Andrei Markov.
18:37 of 3rd period - Shot Blocked by Zach Trotman.
18:39 of 3rd period - Shot by Claude Giroux.
18:39 of 3rd period - Goal by Claude Giroux - RedWings : 3 - Ducks : 3.
18:40 of 3rd period - Jordan Staal wins face-off versus Jonathan Drouin in neutral zone.
18:51 of 3rd period - Filip Forsberg is hit by Boone Jenner and loses puck.
19:13 of 3rd period - Shot by Eric Nystrom.
19:13 of 3rd period - Shot Misses the Net.
19:19 of 3rd period - Shot by Jordan Staal.
19:19 of 3rd period - Shot Misses the Net.
19:21 of 3rd period - Shot by Roman Polak.
19:21 of 3rd period - Stopped by Mike Condon with a rebound.
19:30 of 3rd period - Icing by Eric Gryba.
19:31 of 3rd period - Mark Scheifele wins face-off versus Jonathan Drouin in RedWings zone.
19:44 of 3rd period - Shot by Mark Scheifele.
19:44 of 3rd period - Shot Blocked by Eric Gryba.
19:53 of 3rd period - Icing by Eric Gryba.
19:54 of 3rd period - Claude Giroux wins face-off versus Jonathan Drouin in RedWings zone.
Goals for this period are 1 for RedWings vs 1 for Ducks.
Shots for this period are 8 for RedWings vs 14 for Ducks.

Overtime #1


0:01 of 1st overtime period - Sean Monahan wins face-off versus Claude Giroux in neutral zone.
0:10 of 1st overtime period - Shot by Sean Monahan.
0:10 of 1st overtime period - Shot Misses the Net.
0:32 of 1st overtime period - Shot by Mark Scheifele.
0:32 of 1st overtime period - Stopped by Mike Condon without a rebound.
0:33 of 1st overtime period - Wayne Simmonds wins face-off versus Filip Forsberg in RedWings zone.
0:36 of 1st overtime period - Shot by Phil Kessel.
0:36 of 1st overtime period - Stopped by Mike Condon without a rebound.
0:37 of 1st overtime period - Sean Monahan wins face-off versus Claude Giroux in RedWings zone.
0:46 of 1st overtime period - Shot by Tyler Toffoli.
0:46 of 1st overtime period - Goal by Tyler Toffoli - RedWings : 4 - Ducks : 3.
Goals for this period are 1 for RedWings vs 0 for Ducks.
Shots for this period are 1 for RedWings vs 2 for Ducks.